 Dungeon Crawl Stone Soup version 0.18-a0-1730-g73f0523 (webtiles) character file.

1398 4thArraOfDagon the Slasher (level 8, -4/102 HPs)
             Began as a Hill Orc Wanderer on Apr 10, 2016.
             Was a Priest of Okawaru.
             Slain by Snorg (7 damage)
             ... on level 11 of the Dungeon.
             The game lasted 00:12:10 (2024 turns).

4thArraOfDagon the Slasher (Hill Orc Wanderer)      Turns: 2024, Time: 00:12:11

Health: -4/102     AC: 24    Str: 22    XL:     8   Next: 69%
Magic:  11/12      EV:  2    Int: 15    God:    Okawaru [***...]
Gold:   187        SH:  2    Dex: 12    Spells: 0 memorised, 7 levels left

rFire  . . .     SeeInvis .     a - +2 falchion
rCold  . . .     Gourm    .     (armour currently unavailable)
rNeg   + + +     Faith    .     (no shield)
rPois  +         Spirit   .     (helmet currently unavailable)
rElec  .         Dismiss  .     (cloak currently unavailable)
rCorr  .         Reflect  +     (gloves currently unavailable)
SustAt .         Harm     .     (boots currently unavailable)
MR     +....     NoTele   +     y - +2 amulet of reflection
Stlth  +++++.....               (no ring)
                                q - ring of protection from magic

@: mighty, agile, tree-form, heroism, somewhat resistant to hostile
enchantments, quite stealthy
A: no striking features
a: Heroism, Renounce Religion


You were on level 11 of the Dungeon.
You worshipped Okawaru.
Okawaru was most pleased with you.
You were not hungry.
You were a tree.
You visited 1 branch of the dungeon, and saw 11 of its levels.

You collected 187 gold pieces.

Inventory:

Hand Weapons
 a - a +2 falchion (weapon)
 r - a +2 dagger of venom
Missiles
 e - 31 poisoned needles
 g - 16 stones (quivered)
Armour
 n - a +0 chain mail (melded)
 u - a +1 pair of gloves (melded)
 w - a +0 cloak (melded)
Jewellery
 q - a ring of protection from magic (left branch)
 y - a +2 amulet of reflection (around neck)
Wands
 c - a wand of random effects (12/48)
 o - a wand of iceblast (2/15)
 v - a wand of slowing (27/48)
 z - a wand of random effects (20/48)
Scrolls
 b - a scroll of teleportation
 i - a scroll of noise {unknown}
 k - 3 scrolls of random uselessness {unknown}
 s - a scroll of recharging {unknown}
 t - a scroll of amnesia {unknown}
 A - 2 scrolls of fear {unknown}
 B - a scroll of immolation {unknown}
 C - a scroll of enchant weapon {unknown}
Potions
 j - a potion of flight
 m - a potion of might
Books
 D - a book of Hinderance

   Spells                             Type                      Level
   a - Confusing Touch                Hexes                        2
   b - Confuse                        Hexes                        3
   c - Gell's Gravitas                Hexes/Translocation          3
   d - Petrify                        Transmutation/Earth          4
   e - Metabolic Englaciation         Hexes/Ice                    5
   f - Yara's Violent Unravelling     Hexes/Transmutation          5
Comestibles
 d - 2 meat rations
 f - 5 bread rations


   Skills:
 + Level 5.1(10.1) Fighting
 * Level 7.5(12.5) Long Blades
   Level 2.1(7.1) Maces & Flails
 + Level 5.0(10.0) Armour
 - Level 2.4(7.4) Dodging
 - Level 1.0(6.0) Stealth
   Level 1.1(6.1) Shields
 + Level 5.4 Invocations
 - Level 1.0 Evocations


You had 7 spell levels left.
You didn't know any spells.

Dungeon Overview and Level Annotations

Branches:
Dungeon (11/15)            Temple (0/1) D:6
   Lair: D:8-11         Orc: D:9-12

Altars:
Nemelex Xobeh
Okawaru
Qazlal

Shops:
D:4 =

Annotations:
D:11 Snorg


Message History

Snorg is heavily wounded.
Snorg goes berserk!
You slice Snorg!!
Snorg is severely wounded.
Snorg bites you but does no damage. Snorg claws you!
* * * LOW HITPOINT WARNING * * *
Snorg barely misses you.
Unknown command.
You slash Snorg!
Snorg is severely wounded.
Snorg bites you.
* * * LOW HITPOINT WARNING * * *
Snorg claws you but does no damage. Snorg claws you!
* * * LOW HITPOINT WARNING * * *
Unknown command.
Unknown command.
You slash Snorg!
Snorg is almost dead.
Snorg bites you but does no damage. Snorg claws you!
You die...

..........# #......#.......# ..
..........####......#.......# ...
............................# ...
............................#...#
............T...............#...#
##...............................
##.........T.O####...###$##.#...#
##.#.####.########...###........#
##.#...........T♣.............###
##.######.########...##########
##.. #.# #...# #### #.# #...# #
#.###.# #...# # #.....# #...# #
#####.# ##### # #.# ###


You could see Snorg (berserk).

Vanquished Creatures
  A troll (D:11)
  A sky beast (D:6)
  An ogre (D:11)
  A black bear (D:9)
  A necrophage (D:7)
  A centaur (D:9)
  A giant frog (D:7)
  A scorpion (D:9)
  3 killer bees (D:9)
  4 wights (D:7)
  A howler monkey (D:6)
  A crimson imp (D:7)
  A giant frog zombie (D:9)
  2 hounds (D:9)
  A giant frog skeleton (D:6)
  2 orc wizards
  A worker ant (D:4)
  A hound skeleton (D:4)
  A gnoll (D:4)
  2 adders
  A shadow imp (D:5)
  2 oozes
  An adder skeleton (D:5)
  3 giant geckos
  9 orcs
  2 ball pythons (D:6)
  2 giant cockroaches
  A hobgoblin (D:1)
  2 jackals (D:4)
  A quokka (D:4)
  A giant gecko skeleton (D:4)
  A kobold (D:3)
  3 rats
57 creatures vanquished.

Notes
Turn   | Place    | Note
--------------------------------------------------------------
     0 | D:1      | 4thArraOfDagon the Hill Orc Wanderer began the quest for the Orb.
     0 | D:1      | 4thArraOfDagon set off with: a +2 falchion, a scroll of teleportation, a wand of random effects (15/48), a +0 robe, a bread ration
     0 | D:1      | Reached XP level 1. HP: 14/14 MP: 1/1
   100 | D:1      | Reached skill level 2 in Long Blades
   100 | D:1      | Reached XP level 2. HP: 17/20 MP: 2/2
   391 | D:4      | Found Dunyem's Jewellery Emporium.
   396 | D:4      | Found an iron altar of Okawaru.
   403 | D:4      | Became a worshipper of Warmaster Okawaru
   436 | D:4      | Reached skill level 3 in Long Blades
   436 | D:4      | Reached XP level 3. HP: 27/27 MP: 3/3
   436 | D:4      | Reached skill level 1 in Fighting
   591 | D:4      | Reached XP level 4. HP: 30/35 MP: 4/4
   632 | D:5      | Entered Level 5 of the Dungeon
   632 | D:5      | Noticed a centaur
   747 | D:4      | Reached skill level 1 in Invocations
   774 | D:4      | Noticed a phantom
   942 | D:5      | Reached XP level 5. HP: 13/41 MP: 6/6
  1096 | D:6      | Reached * piety under Okawaru
  1096 | D:6      | Reached skill level 4 in Long Blades
  1141 | D:6      | Found a staircase to the Ecumenical Temple.
  1141 | D:6      | Found a sparkling altar of Nemelex Xobeh.
  1184 | D:7      | Found a stormy altar of Qazlal.
  1242 | D:7      | Reached XP level 6. HP: 44/48 MP: 7/7
  1255 | D:7      | Noticed a necrophage
  1276 | D:7      | Killed a necrophage
  1276 | D:7      | Reached skill level 5 in Long Blades
  1309 | D:6      | Noticed a sky beast
  1344 | D:6      | Killed a sky beast
  1344 | D:6      | Reached ** piety under Okawaru
  1344 | D:6      | Reached XP level 7. HP: 24/57 MP: 7/9
  1610 | D:9      | Reached skill level 6 in Long Blades
  1638 | D:9      | Reached XP level 8. HP: 24/66 MP: 7/11
  1754 | D:9      | Reached skill level 7 in Long Blades
  1754 | D:9      | Reached skill level 5 in Invocations
  1813 | D:9      | Noticed a vampire
  1848 | D:10     | Entered Level 10 of the Dungeon
  1848 | D:10     | Noticed a yak
  1848 | D:10     | Noticed a yak
  1848 | D:10     | Noticed a yak
  1848 | D:10     | Noticed a yak
  1848 | D:10     | Noticed a yak
  1869 | D:11     | Noticed Snorg
  1976 | D:11     | Noticed a troll
  2009 | D:11     | Killed a troll
  2009 | D:11     | Reached skill level 5 in Fighting
  2014 | D:11     | Reached *** piety under Okawaru
  2014 | D:11     | Reached skill level 5 in Armour
  2023 | D:11     | HP: 3/102 [Snorg (11)]
  2024 | D:11     | Slain by Snorg

Vault maps used:
D:1:      sevenhm_arrival_forest_fort_large_2
D:2:      lemuel_upstairs_altar, gammafunk_temple_overflow_statue,
          tso_metal_star, lemuel_doored_altar
D:3:      nicolae_ashenzari_panopticon
D:4:      lemuel_round_altar, first_bread, kennysheep_windowed_goal
D:6:      nemelex_xobeh_ov_fountains_minmay, minmay_temple_entry_large_hall
D:7:      minmay_overflow_temple_star_quad, grunt_qazlal_clouds, uniq_joseph
D:8:      serial_shops, shop_statue, uniq_maurice
D:9:      led_sif_pool, statue_in_the_mist_lemuel, hangedman_pestilent_swarm
D:10:     erik_lair_orcish_takeover, uniq_harold
D:11:     erik_orc_3, uniq_snorg

Skill      XL: |  1  2  3  4  5  6  7  8 |
---------------+-------------------------+-----
Long Blades    | 2 3 4 5 6 7 |  7.5
Fighting       | 1 2 3 4 5 |  5.1
Invocations    | 1 2 3 4 5 |  5.4
Armour         | 2 3 4 5 |  5.0
Maces & Flails | |  2.1
Dodging        | |  2.4
Stealth        | |  1.0
Shields        | |  1.1
Evocations     | |  1.0

Action                   |  1- 3 |  4- 6 |  7- 9 || total
-------------------------+-------+-------+-------++-------
Melee: Falchion          |    54 |   148 |   144 ||   346
       Dagger            |       |    19 |       ||    19
Throw: Stone             |     1 |       |       ||     1
Invok: Heroism           |       |     1 |     9 ||    10
Evoke: Wand              |     2 |     2 |     3 ||     7
  Use: Scroll            |     3 |     1 |     1 ||     5
       Potion            |       |     6 |     5 ||    11
  Eat: Chunk             |       |     2 |     2 ||     4
       Pizza             |       |       |     1 ||     1
